 Dungeon Crawl Stone Soup version 0.17.0-28-g6e173f8 (webtiles) character file.

40 dohliylev the Gusty (level 3, -9/14 HPs)
             Began as a Felid Air Elementalist on Dec 1, 2015.
             Mangled by a scorpion (10 damage)
             ... on level 4 of the Dungeon.
             The game lasted 00:05:54 (949 turns).

dohliylev the Gusty (Felid Air Elementalist)         Turns: 949, Time: 00:05:54

Health: -9/14      AC:  1    Str:  4    XL:     3   Next: 30%
Magic:  7/7        EV: 18    Int: 17    God:
Gold:   79         SH:  0    Dex: 16    Spells: 1 memorised, 5 levels left
                                        Lives:  0   Deaths: 0

rFire  . . .     SeeInvis +     (weapon unavailable)
rCold  . . .     Clarity  .     (armour unavailable)
rNeg   . . .     SustAt   .     (shield unavailable)
rPois  .         Gourm    .     (helmet unavailable)
rElec  .         Spirit   .     (cloak unavailable)
rCorr  .         Warding  .     (gloves unavailable)
rMut   .         Stasis   .     (boots unavailable)
MR     .....                    (no amulet)
Stlth  +++.......               (no ring)
                                (no ring)

@: quick, not resistant to hostile enchantments, fairly stealthy
A: no armour, no weapons or thrown items, claws 1, fangs 3, see invisible,
carnivore 3, speed 1, shaggy fur 1, slow metabolism 1, sharp paws
a: no special abilities


You were on level 4 of the Dungeon.
You were completely stuffed.

You visited 1 branch of the dungeon, and saw 3 of its levels.

You collected 79 gold pieces.

Inventory:

Jewellery
 f - an uncursed amulet of the gourmand {unknown}
Scrolls
 c - a scroll of fear {unknown}
 d - a scroll of remove curse {unknown}
 e - a scroll of fog {unknown}
 g - a scroll of teleportation {unknown}
Books
 a - a book of Air

   Spells                             Type                      Level
   a - Shock                          Conjuration/Air              1
   b - Swiftness                      Charms/Air                   2
   c - Repel Missiles                 Charms/Air                   2
   d - Static Discharge               Conjuration/Air              3
   e - Lightning Bolt                 Conjuration/Air              5
Comestibles
 b - a meat ration


   Skills:
 + Level 3.1 Dodging
 + Level 3.0 Stealth
 + Level 0.2 Unarmed Combat
 + Level 2.3 Spellcasting
 + Level 1.1 Conjurations
 + Level 3.3 Air Magic


You had 5 spell levels left.
You knew the following spells:

 Your Spells              Type           Power        Failure   Level  Hunger
a - Shock                 Conj/Air       #...         10%         1    #......


Dungeon Overview and Level Annotations

Branches:
Dungeon (4/15)
 Temple: D:4-7

Altars:
Qazlal


Innate Abilities, Weirdness & Mutations

You cannot wear armour.
You are incapable of wielding weapons or throwing items.
You have sharp claws.
You have razor-sharp teeth.
You have supernaturally acute eyesight.
You are carnivorous and can eat meat at any time.
You cover ground quickly.
You are covered in fur (AC +1).
You have a slow metabolism.
Your sharp claws are effective at attacking unaware monsters.


Message History

You scratch the scorpion but do no damage.
The scorpion is moderately wounded.
The scorpion barely misses you.
You scratch the scorpion but do no damage.
You bite the scorpion, but do no damage.
The scorpion is moderately wounded.
The scorpion closely misses you.
You closely miss the scorpion.
You bite the scorpion, but do no damage.
The scorpion is moderately wounded.
The scorpion stings you.
* * * LOW HITPOINT WARNING * * *
You barely miss the scorpion.
The scorpion is moderately wounded.
The scorpion closely misses you.
You scratch the scorpion but do no damage.
The scorpion is moderately wounded.
The scorpion stings you!
Ouch! That really hurt!
You die...

#. .# #.#####.#
.......#
####......#
.........#
###..$... ###
..#...#..##....#
......s@...?....
.#.%..#.........
#..?......##...
##.######.# . ..
.# .# .# . .


You could see a scorpion.

Vanquished Creatures
  An adder (D:2)
  A worm (D:2)
  3 giant cockroaches (D:1)
  4 goblins (D:1)
  3 hobgoblins
  3 kobolds (D:1)
  6 bats (D:1)
  A giant newt (D:1)
  5 rats (D:1)
27 creatures vanquished.

Notes
Turn   | Place    | Note
--------------------------------------------------------------
     0 | D:1      | dohliylev the Felid Air Elementalist began the quest for the Orb.
     0 | D:1      | Reached XP level 1. HP: 7/7 MP: 4/4
   112 | D:1      | Reached skill level 3 in Air Magic
   115 | D:1      | Reached XP level 2. HP: 11/11 MP: 1/6
   457 | D:1      | Reached skill level 1 in Conjurations
   699 | D:2      | Reached XP level 3. HP: 7/14 MP: 2/7
   849 | D:2      | Found a stormy altar of Qazlal.
   939 | D:2      | You fall through a shaft for 2 floors!
   939 | D:4      | Noticed a scorpion
   949 | D:4      | Mangled by a scorpion

Action                   || total
-------------------------++-------
Melee: Unarmed           ||    59
 Cast: Shock             ||    42
 Stab: Sleeping          ||     3
  Eat: Chunk             ||     8
